 Dungeon Crawl Stone Soup version 0.25-a0-36-g303dd5b1f4 (webtiles) character file.

Game seed: 955048850635160919, levelgen mode: deterministic

971172 Peloso the Minotaur Barricade (level 27, -6/178 (191) HPs)
             Began as a Minotaur Fighter on Oct 18, 2019.
             Was the Champion of Okawaru.
             Mangled by a very large slime creature (8 damage)
             ... while paralysed by a floating eye
             ... on level 3 of the Abyss on Oct 20, 2019.
             The game lasted 06:47:03 (90348 turns).

Peloso the Minotaur Barricade (Minotaur Fighter)   Turns: 90348, Time: 06:47:03

HP:   -6/178 (191)  AC: 58    Str: 36 (37) XL:     27
MP:   0/33          EV:  2    Int: -4 (-3) God:    Okawaru [******]
Gold: 5177          SH:  0    Dex:  8      Spells: 30/30 levels left

rFire    + + .     SeeInvis +   a - +9 double sword (vamp)
rCold    + . .     Gourm    .   h - +3 large shield {reflect}
rNeg     + + +     Faith    .   k - +13 crystal plate armour "Gugis" {rPois MR++ Regen+ Int-4}
rPois    +         Spirit   .   v - +3 hat of Refuge {rF+ Str+9 Int+2 Dex-3}
rElec    +         Reflect  +   x - scarf {cloud immunity}
rCorr    .         Harm     .   O - +2 pair of gloves {Dex+3}
MR       +++++     Clarity  +   Q - +2 pair of boots {Fly}
Stlth    ..........             p - amulet of the Four Winds {rN+ MR+++ Clar}
HPRegen  0.79/turn              u - ring of Zuhoucie {Fire *Drain rElec rN+++ Stlth+}
MPRegen  0.23/turn              s - ring "Olig" {rC++ rN+ Int-2 SInv}

@: paralysed, heroism, flying, slowed, lost intelligence
A: retaliatory headbutt, horns 2, large bone plates 1, thin metallic scales 2,
blink, [blurry vision 1], clumsy 2, [deterioration 1], dopey 1[+1], frail 1[+2],
low mp 1, [weak 2]
}: 5/15 runes: serpentine, barnacled, slimy, silver, icy
a: Blink, Heroism, Finesse, Renounce Religion, Stop Flying


You were on level 3 of the Abyss.
You worshipped Okawaru.
Okawaru was exalted by your worship.
You were not hungry.

You visited 14 branches of the dungeon, and saw 66 of its levels.
You visited the Abyss 1 time.
You also visited: Trove, Ice Cave, Volcano, Wizlab and Desolation.

You collected 8718 gold pieces.
You spent 3541 gold pieces at shops.

Inventory:

Hand Weapons
 a - a +9 vampiric double sword (weapon)
 b - the +11 long sword "Giantslayer" {flame, rC+}
   (Okawaru gifted it to you on level 1 of the Shoals)

   It has been specially enchanted to burn those struck by it, causing extra
   injury to most foes and up to half again as much damage against particularly
   susceptible opponents.
   Big, fiery blades are also staple armaments of hydra-hunters.
   It protects you from cold.
Armour
 h - a +3 large shield of reflection (worn)
 k - the +13 crystal plate armour "Gugis" (worn) {rPois MR++ Regen+ Int-4}
   (You acquired it on level 5 of the Depths)

   It affects your intelligence (-4).
   It protects you from poison.
   It affects your resistance to hostile enchantments.
   It increases your rate of regeneration.
 o - the +2 pair of boots of the Assassin {Detection Stab+ Stlth++}
   (You found it on level 3 of the Elven Halls)

   It makes you much more stealthy.
 v - the +3 hat of Refuge (worn) {rF+ Str+9 Int+2 Dex-3}
   (You found it on level 1 of the Vaults)

   It affects your strength (+9).
   It affects your intelligence (+2).
   It affects your dexterity (-3).
   It protects you from fire.
 x - a scarf of cloud immunity (worn)
 E - a +1 pair of gloves of strength
 N - the +0 cloak "Giott" {rElec rPois}
   (Okawaru gifted it to you on level 2 of the Orcish Mines)

   It insulates you from electricity.
   It protects you from poison.
 O - a +2 pair of gloves of dexterity (worn)
 Q - a +2 pair of boots of flying (worn)
Jewellery
 d - the ring "Atesiahi" {rC+ rN+}
   (You took it off a deep elf death mage on level 3 of the Elven Halls)

   [ring of positive energy]

   It protects you from cold.
   It protects you from negative energy.
 e - the ring "Nagaxeocwu" {rN+ EV+2 Dex+4}
   (You found it on level 5 of the Vaults)

   [ring of evasion]

   It affects your evasion (+2).
   It affects your dexterity (+4).
   It protects you from negative energy.
 i - an uncursed ring of protection from fire
 p - the amulet of the Four Winds (around neck) {rN+ MR+++ Clar}
   (You bought it in a shop on level 1 of the Depths)

   [amulet of nothing]

   It protects you from negative energy.
   It affects your resistance to hostile enchantments.
   It protects you against confusion.
 r - the ring of Ecuasi {Wiz rF+ MR+++ MP+9 Stlth-}
   (You bought it in a shop on level 1 of the Depths)

   [ring of wizardry]

   It improves your spell success rate.
   It protects you from fire.
   It affects your resistance to hostile enchantments.
   It affects your magic capacity (+9).
   It makes you less stealthy.
 s - the ring "Olig" (right hand) {rC++ rN+ Int-2 SInv}
   (You found it on level 5 of the Vaults)

   [ring of see invisible]

   It affects your intelligence (-2).
   It greatly protects you from cold.
   It protects you from negative energy.
   It lets you see invisible.
 t - the ring of Zaeptuiw {rCorr Int+3}
   (You found it on level 5 of the Pits of Slime)

   [ring of resist corrosion]

   It affects your intelligence (+3).
   It provides partial protection from all sources of acid and corrosion.
 u - the ring of Zuhoucie (left hand) {Fire *Drain rElec rN+++ Stlth+}
   (You found it on level 8 of the Dungeon)

   [ring of fire]

   It enhances your fire magic.
   It protects you from fire.
   It makes you vulnerable to cold.
   It insulates you from electricity.
   It renders you almost immune to negative energy.
   It causes draining when unequipped.
   It makes you more stealthy.
 K - an uncursed amulet of the gourmand
 U - the amulet "Kigoytea" {Regen+ Dex+5 SInv Stlth-}
   (You found it on level 3 of the Crypt)

   [amulet of regeneration]

   It affects your dexterity (+5).
   It lets you see invisible.
   It increases your rate of regeneration.
   It makes you less stealthy.
Wands
 z - a wand of random effects (29)
 D - a wand of clouds (2)
 J - a wand of digging (5)
 T - a wand of polymorph (9)
Scrolls
 g - 3 scrolls of blinking
 j - 4 scrolls of noise
 l - 30 scrolls of remove curse
 n - 16 scrolls of teleportation
 y - 4 scrolls of fear
 B - 3 scrolls of summoning
 C - 9 scrolls of magic mapping
 M - 27 scrolls of identify
Potions
 c - 3 potions of heal wounds
 m - 5 potions of curing
 q - 5 potions of resistance
 w - 11 potions of agility
 A - a potion of haste
 F - a potion of might
 G - 4 potions of flight
 I - a potion of ambrosia
 R - 2 potions of berserk rage
Miscellaneous
 H - a phial of floods
 P - the horn of Geryon
Comestibles
 f - 87 rations


   Skills:
 O Level 27 Fighting
 O Level 27 Long Blades
   Level 2.1(7.1) Axes
   Level 1.2(6.2) Staves
 + Level 3.1(8.1) Throwing
 O Level 27 Armour
 + Level 9.3(14.3) Dodging
 + Level 11.2(16.2) Stealth
 O Level 27 Shields
 + Level 3.4(8.4) Unarmed Combat
 + Level 2.0 Spellcasting
 + Level 16.7 Invocations
 + Level 22.4 Evocations


You had 30 spell levels left.
You didn't know any spells.
Your spell library contained the following spells:

 Spells                   Type           Power        Failure   Level  Hunger
 Animate Skeleton         Necr           N/A          94%         1    ##.....
 Apportation              Tloc           #.....       94%         1    ##.....
 Beastly Appendage        Tmut           #.....       94%         1    ##.....
 Confusing Touch          Hex            #.....       94%         1    ##.....
 Flame Tongue             Conj/Fire      #....        94%         1    ##.....
 Freeze                   Ice            #...         94%         1    ##.....
 Magic Dart               Conj           #...         94%         1    ##.....
 Pain                     Necr           #...         94%         1    ##.....
 Shock                    Conj/Air       #...         94%         1    ##.....
 Sting                    Conj/Pois      #...         94%         1    ##.....
 Summon Butterflies       Summ           #.......     94%         1    ##.....
 Summon Small Mammal      Summ           #...         94%         1    ##.....
 Blink                    Tloc           N/A          98%         2    ###....
 Call Imp                 Summ           #.......     98%         2    ###....
 Corpse Rot               Necr           N/A          98%         2    ###....
 Passwall                 Tmut/Erth      #.......     98%         2    ###....
 Poisonous Vapours        Pois/Air       #.....       98%         2    ###....
 Shroud of Golubria       Chrm/Tloc      #.....       98%         2    ###....
 Swiftness                Chrm/Air       #.......     98%         2    ###....
 Throw Flame              Conj/Fire      #.....       98%         2    ###....
 Throw Frost              Conj/Ice       #.....       98%         2    ###....
 Call Canine Familiar     Summ           #.......     100%        3    ####...
 Confuse                  Hex            #.......     100%        3    ####...
 Conjure Flame            Conj/Fire      #.......     100%        3    ####...
 Dazzling Spray           Conj/Hex       #.....       100%        3    ####...
 Gell's Gravitas          Tloc           #.........   100%        3    ####...
 Inner Flame              Hex/Fire       #.......     100%        3    ####...
 Lesser Beckoning         Tloc           #.........   100%        3    ####...
 Mephitic Cloud           Conj/Pois/Air  #.......     100%        3    ####...
 Ozocubu's Armour         Chrm/Ice       #.......     100%        3    ####...
 Portal Projectile        Hex/Tloc       #.....       100%        3    ####...
 Recall                   Summ/Tloc      N/A          100%        3    ####...
 Regeneration             Chrm/Necr      #.........   100%        3    ####...
 Spectral Weapon          Hex/Chrm       #.......     100%        3    ####...
 Static Discharge         Conj/Air       #.......     100%        3    ####...
 Stone Arrow              Conj/Erth      #.....       100%        3    ####...
 Summon Guardian Golem    Hex/Summ       #.......     100%        3    ####...
 Teleport Other           Tloc           #.......     100%        3    ####...
 Vampiric Draining        Necr           #.........   100%        3    ####...
 Airstrike                Air            #.........   100%        4    #####..
 Animate Dead             Necr           N/A          100%        4    #####..
 Cause Fear               Hex            #.........   100%        4    #####..
 Force Lance              Conj/Tloc      #.......     100%        4    #####..
 Ice Form                 Ice/Tmut       #.......     100%        4    #####..
 Iskenderun's Mystic Bla  Conj           #.......     100%        4    #####..
 Leda's Liquefaction      Hex/Erth       #.........   100%        4    #####..
 Olgreb's Toxic Radiance  Pois           #.......     100%        4    #####..
 Passage of Golubria      Tloc           N/A          100%        4    #####..
 Petrify                  Tmut/Erth      #.......     100%        4    #####..
 Sticky Flame             Conj/Fire      #.......     100%        4    #####..
 Summon Ice Beast         Ice/Summ       #.......     100%        4    #####..
 Summon Lightning Spire   Summ/Air       #.......     100%        4    #####..
 Throw Icicle             Conj/Ice       #.......     100%        4    #####..
 Agony                    Necr           #.......     100%        5    ######.
 Alistair's Intoxication  Tmut/Pois      #.......     100%        5    ######.
 Aura of Abjuration       Summ           #.........   100%        5    ######.
 Blade Hands              Tmut           #.........   100%        5    ######.
 Bolt of Magma            Conj/Fire/Erth #.........   100%        5    ######.
 Fireball                 Conj/Fire      #.........   100%        5    ######.
 Irradiate                Conj/Tmut      #.........   100%        5    ######.
 Iskenderun's Battlesphe  Conj/Chrm      #.......     100%        5    ######.
 Lightning Bolt           Conj/Air       #.........   100%        5    ######.
 Metabolic Englaciation   Hex/Ice        #.........   100%        5    ######.
 Silence                  Hex/Air        #.........   100%        5    ######.
 Summon Demon             Summ           #.........   100%        5    ######.
 Summon Forest            Summ/Tloc      #.........   100%        5    ######.
 Summon Mana Viper        Hex/Summ       #.......     100%        5    ######.
 Venom Bolt               Conj/Pois      #.........   100%        5    ######.
 Yara's Violent Unravell  Hex/Tmut       #.........   100%        5    ######.
 Bolt of Cold             Conj/Ice       #.........   100%        6    #######
 Conjure Ball Lightning   Conj/Air       #.........   100%        6    #######
 Death Channel            Necr           #.........   100%        6    #######
 Deflect Missiles         Chrm/Air       #.........   100%        6    #######
 Dispersal                Tloc           #.........   100%        6    #######
 Freezing Cloud           Conj/Ice/Air   #.........   100%        6    #######
 Hydra Form               Tmut           #.........   100%        6    #######
 Invisibility             Hex            #.......     100%        6    #######
 Iron Shot                Conj/Erth      #.........   100%        6    #######
 Ozocubu's Refrigeration  Ice            #.........   100%        6    #######
 Poison Arrow             Conj/Pois      #.........   100%        6    #######
 Shadow Creatures         Summ           N/A          100%        6    #######
 Simulacrum               Ice/Necr       #.........   100%        6    #######
 Statue Form              Tmut/Erth      #........    100%        6    #######
 Dragon Form              Tmut           #.........   100%        7    #######
 Orb of Destruction       Conj           #.........   100%        7    #######
 Ring of Flames           Chrm/Fire      #.........   100%        7    #######
 Spellforged Servitor     Conj/Summ      #.........   100%        7    #######
 Summon Hydra             Summ           #.........   100%        7    #######
 Chain Lightning          Conj/Air       #.........   100%        8    #######
 Controlled Blink         Tloc           N/A          100%        8    #######
 Discord                  Hex            #.........   100%        8    #######
 Disjunction              Tloc           #.........   100%        8    #######
 Lehudib's Crystal Spear  Conj/Erth      #.........   100%        8    #######
 Fire Storm               Conj/Fire      #.........   100%        9    #######
 Glaciate                 Conj/Ice       #.........   100%        9    #######
 Tornado                  Air            #.........   100%        9    #######


Dungeon Overview and Level Annotations

Branches:
Dungeon (15/15)            Temple (0/1) D:6            Lair (6/6) D:11
 Shoals (4/4) Lair:3        Snake (4/4) Lair:3        Slime (5/5) Lair:6
    Orc (2/2) D:11            Elf (3/3) Orc:2        Vaults (5/5) D:14
  Crypt (3/3) Vaults:2       Tomb (0/3) Crypt:3      Depths (5/5) D:15
   Hell (visited)             Dis (0/7) Hell            Geh (1/7) Hell
    Coc (7/7) Hell            Tar (0/7) Hell            Zot (5/5) Depths:5
  IceCv (visited)         Volcano (visited)          WizLab (visited)
Desolation (visited)

Altars:
Cheibriados
Dithmenos
Elyvilon
Fedhas
Hepliaklqana
Kikubaaqudgha
Makhleb
Okawaru
Qazlal
Ru
Sif Muna
Uskayaw
Vehumet
Yredelemnul
Zin
The Shining One
Beogh
Jiyva

Shops:
D:6 *   D:11 *}}   D:13 [   Orc:1 (   Orc:2 }[(=(   Elf:1 %   Elf:2 :
Shoals:3 =   Snake:1 }   Snake:3 (*   Snake:4 *   Vaults:2 (   Depths:1 }==*
Depths:4 [

Portals:
Hell: Lair:6 Depths:1 Depths:2 Depths:3 Depths:4 Depths:5
Abyss: Depths:1 Depths:4
Pandemonium: Depths:3
Ziggurat: Depths:1

Annotations:
Zot:5 exclusion: obsidian statue


Innate Abilities, Weirdness & Mutations

You reflexively headbutt those who attack you in melee.
You have a pair of horns on your head.
You are partially covered in large bone plates. (SH +4)
You are mostly covered in thin metallic scales. (AC +3)
You can translocate small distances at will.
You are very clumsy. (Dex -4)
Your magical capacity is low. (-10% MP)
[Scrolls take you a little longer to read.]
[Your body sometimes deteriorates upon taking damage.]
[You are very dopey. (Int -4)]
[You are extremely frail. (-30% HP)]
[You are very weak. (Str -4)]


Message History

You block the large abomination's attack.
The glowing orange brain pulsates.
You resist with almost no effort. You block the flying skull's attack.
The floating eye gazes piercingly through you!
You suddenly lose the ability to move!
The large abomination hits you but does no damage.
The flying skull hits you but does no damage.
The cacodemon hits you but does no damage. x2
The very large slime creature hits you!!
* * * LOW HITPOINT WARNING * * *
The large abomination hits you but does no damage.
The eye of draining gazes at you.
You feel your power leaking away. The eye of draining gazes at you.
The flying skull hits you but does no damage.
The large abomination hits you.
* * * LOW HITPOINT WARNING * * *
The cacodemon hits you but does no damage. x2
The very large slime creature hits you!
You die... ### #XG# .xxxx# #+#XX ##G##X# #.zG#Xx## #####xJJ## ...XJXXX@## ...XGX12zX# ...xJXxX*X#

..#.XXXxx..#
...G#.##.##
.#+#.###..#
#......#
##...###
####


You could see a cacodemon, a wretched star, an Executioner, 2 very large slime
creatures, 2 large slime creatures, 2 glowing orange brains, 18 large
abominations, 2 eyes of draining, 10 small abominations, 2 flying skulls and a
floating eye.

Vanquished Creatures
  Antaeus (Coc:7)
  the Royal Jelly (Slime:5)
  the Serpent of Hell (Coc:7)
  An orb of fire (Zot:2)
  Mara (Crypt:2)
  3 greater mummies (Crypt:1)
  A juggernaut (Depths:5)
  An ancient lich (Zot:5)
  15 shard shrikes
  Bai Suzhen (Depths:1)
  3 Killer Klowns (Zot:1)
  4 caustic shrikes (Depths:5)
  2 curse toes (Zot:5)
  Geryon (Hell)
  9 golden dragons
  the Enchantress (Depths:1)
  7 bone dragons
  A hellephant (Zot:1)
  A Hell Sentinel (Coc:6)
  16 tentacled monstrosities
  2 electric golems
  7 liches
  Jorgrun (D:14)
  26 Ice Fiends
  8 Orb Guardians (Zot:5)
  3 quicksilver dragons
  Rupert (D:14)
  2 deep elf blademasters (Elf:3)
  6 titans
  An eldritch tentacle (Coc:4)
  2 sphinxes
  5 ancient champions
  19 acid blobs
  Murray (Hell)
  2 krakens (Shoals:3)
  10 shadow dragons
  Frances (Elf:1)
  3 tentacled starspawn
  6 death cobs
  8 tengu reavers
  17 azure jellies
  Kirke (Elf:1)
  Donald (Shoals:2)
  6 draconian monks
  5 revenants
  8 nagarajas
  5 storm dragons
  21 frost giants
  7 deep elf sorcerers
  15 fire giants
  5 draconian knights
  4 draconian scorchers
  Aizul (Snake:1)
  3 balrugs (Lair:6)
  3 angels
  17 vault wardens
  2 cacodemons
  5 draconian shifters
  3 ghost moths
  2 imperial myrmidons (Desolation)
  7 ghouls
  5 draconian stormcallers
  A juggernaut skeleton (Depths:2)
  6 deep elf elementalists
  3 curse skulls
  A draconian annihilator (Zot:1)
  5 spriggan defenders
  6 elemental wellsprings
  36 very ugly things
  9 ironheart preservers
  26 stone giants
  The ghost of Yskulaw the Ripper, an adept FeAr of Ashenzari (Elf:2)
  2 war gargoyles (Hell)
  18 reapers
  15 large abominations
  8 deep elf demonologists
  9 vampire knights
  10 black draconians
  12 green draconians
  2 halazid warlocks (Desolation)
  15 purple draconians
  8 red draconians
  5 deep elf annihilators (Elf:3)
  7 yellow draconians
  An orange crystal statue (WizLab)
  5 spark wasps
  8 white draconians
  2 crystal guardians (Desolation)
  3 merfolk javelineers (Shoals:4)
  4 dire elephants
  22 ettins
  7 eidola
  14 deep elf death magi
  A green death (Depths:3)
  6 ragged hierophants (Desolation)
  9 merfolk impalers
  12 death oozes
  Josephine (D:14)
  2 mummy priests (Crypt:1)
  17 blizzard demons
  6 kraken zombies
  10 fire dragons
  7 servants of whispers (Desolation)
  9 deep elf high priests
  16 ogre magi
  2 quicksilver dragon zombies
  A spectral quicksilver dragon (Crypt:3)
  21 yaktaur captains
  2 spectral golden dragons (Crypt:3)
  3 rakshasas
  18 jiangshi
  4 spriggan air magi
  20 great orbs of eyes
  10 hydras
  33 ice dragons
  29 vault guards
  6 peacekeepers (Desolation)
  An alligator snapping turtle (Shoals:4)
  2 quicksilver dragon skeletons (Coc:4)
  9 deep troll shamans
  56 two-headed ogres
  6 merfolk aquamancers
  16 naga warriors
  3 merfolk avatars
  9 centaur warriors
  12 anacondas
  30 dancing weapons
  A spectral frost giant (Crypt:3)
  7 death knights
  A queen ant (shapeshifter) (Vaults:5)
  A satyr (Shoals:4)
  Urug (Lair:6)
  11 vampire magi
  4 spriggan berserkers
  3 tengu warriors
  13 deep troll earth magi
  6 titan zombies
  9 shock serpents
  6 soul eaters
  A spectral storm dragon (Crypt:3)
  Nergalle (Lair:4)
  5 sun demons
  21 naga sharpshooters
  2 iron golems
  22 deep elf knights
  5 storm dragon skeletons
  7 hell knights
  6 titan skeletons
  10 iron trolls
  5 wretched stars
  3 thrashing horrors (Abyss:2)
  4 ghost moth zombies
  3 salamander mystics (Snake:4)
  2 storm dragon zombies
  8 small abominations
  A spatial maelstrom (Abyss:3)
  The ghost of navillus the Basher, a novice MiFi of Gozag (D:8)
  A spark wasp zombie (Depths:2)
  3 sixfirhies
  7 golden dragon zombies
  19 shadow wraiths
  A sea snake (shapeshifter) (Vaults:5)
  25 sea snakes
  6 glowing orange brains
  A swamp dragon (shapeshifter) (Vaults:1)
  A fire crab (Lair:6)
  7 wizards
  59 skeletal warriors
  15 flayed ghosts
  44 deep trolls
  An unseen horror (shapeshifter) (D:9)
  14 anaconda zombies
  A sphinx zombie (Depths:2)
  11 anaconda skeletons
  4 shadow dragon zombies
  2 kraken simulacra (Coc:7)
  9 naga ritualists
  A lindwurm (shapeshifter) (Vaults:2)
  2 unseen horrors
  13 harpies
  16 ironbrand convokers
  3 tengu zombies
  4 iron dragon zombies
  28 phantasmal warriors
  20 necromancers
  2 wolf spider zombies
  15 deep elf archers
  3 oklob plants (Lair:3)
  6 golden dragon skeletons
  3 orc sorcerers
  9 wolf spiders
  8 frost giant zombies
  17 orc knights
  3 fire giant zombies
  56 deep elf magi
  2 cyclopes
  A spectral ettin (Crypt:3)
  2 shadow dragon skeletons
  A tengu skeleton (Depths:2)
  6 mana vipers
  A human zombie (Vaults:5)
  A salamander (shapeshifter) (Vaults:5)
  5 iron dragon skeletons
  34 ugly things
  4 shining eyes
  5 stone giant zombies
  9 manticores
  3 fauns (Shoals:2)
  17 salamanders
  27 moths of wrath
  A worldbinder (Abyss:3)
  2 frost giant skeletons
  17 elephants
  9 dire elephant zombies
  22 naga magi
  10 merfolk sirens
  34 black mambas
  A guardian serpent (shapeshifter) (Depths:5)
  6 fire giant skeletons
  8 rust devils
  13 vault sentinels
  2 molten gargoyles (Lair:5)
  5 stone giant skeletons
  7 ice statues
  4 smoke demons
  4 water nymphs
  10 guardian serpents
  2 orange demons
  An eye of devastation (shapeshifter) (Vaults:5)
  3 spriggan zombies
  7 gargoyles
  2 shock serpent skeletons (Coc:4)
  7 titan simulacra (Coc:7)
  A torpor snail (Lair:6)
  5 storm dragon simulacra (Coc:7)
  17 spiny frogs
  2 yaktaur zombies
  4 komodo dragons
  5 spectral swamp worms (Depths:1)
  A yaktaur (shapeshifter) (Vaults:1)
  4 hellions
  3 kobold demonologists (D:14)
  46 yaktaurs
  6 dire elephant skeletons
  5 efreet (Zot:4)
  2 elf zombies (Vaults:5)
  A rime drake (shapeshifter) (Vaults:3)
  9 rime drakes
  12 tormentors
  45 ice devils
  3 tengu conjurers
  49 freezing wraiths
  28 hydra zombies
  6 anaconda simulacra
  4 ancient zymes
  4 human skeletons
  A catoblepas skeleton (Crypt:3)
  A hellwing (Depths:3)
  A queen bee (shapeshifter) (Vaults:4)
  A yaktaur skeleton (Vaults:5)
  A jumping spider (shapeshifter) (Depths:4)
  A meliai (shapeshifter) (Vaults:1)
  7 red devils
  2 harpy zombies
  4 meliai
  21 trolls
  31 merfolk
  A shadow dragon simulacrum (Coc:7)
  20 alligator zombies
  4 wind drakes
  5 hornets
  12 blink frogs
  16 dream sheep
  45 saltlings (Desolation)
  64 slime creatures
  10 bog bodies
  8 hydra skeletons
  3 raiju (Abyss:2)
  A frost giant simulacrum (Coc:2)
  4 fire dragon zombies
  5 ice dragon zombies
  8 hippogriffs
  A meliai zombie (D:14)
  6 snapping turtles (Shoals:4)
  2 fire giant simulacra
  4 harpy skeletons
  A raiju (shapeshifter) (D:14)
  An iron dragon simulacrum (Coc:5)
  A dream sheep (shapeshifter) (Vaults:5)
  2 human simulacra
  5 alligator skeletons
  3 ettin zombies
  85 flying skulls
  3 stone giant simulacra
  4 ice dragon skeletons
  12 shadows
  A redback (shapeshifter) (Vaults:5)
  30 water elementals
  A spriggan (shapeshifter) (D:14)
  4 spriggans
  An air elemental (Elf:1)
  2 vampires
  5 fire dragon skeletons
  27 wraiths
  2 ynoxinuls (Abyss:2)
  4 wyverns
  9 humans
  A human (shapeshifter) (Vaults:2)
  7 ettin skeletons
  A yak (shapeshifter) (Depths:2)
  4 basilisks
  48 yaks
  3 hungry ghosts
  9 fire elementals
  2 neqoxecs (Abyss:3)
  4 vampire mosquitoes
  A basilisk (shapeshifter) (Vaults:3)
  4 hogs
  A catoblepas simulacrum (Hell)
  2 steam dragons
  2 chaos spawn (Abyss:3)
  An emperor scorpion simulacrum (Coc:7)
  A wind drake skeleton (Crypt:2)
  A yaktaur simulacrum (Vaults:5)
  4 insubstantial wisps (Abyss:2)
  A soldier ant (D:14)
  An ogre zombie (Vaults:1)
  53 nagas
  2 deep troll zombies
  3 acid dragons
  4 wargs
  6 hydra simulacra
  18 spiny frog zombies
  22 water moccasins
  An infernal demonspawn skeleton (Crypt:3)
  A deep troll skeleton (Vaults:5)
  A gelid demonspawn skeleton (Crypt:3)
  8 porcupines
  8 hell hounds
  2 merfolk skeletons (Coc:4)
  A monstrous demonspawn skeleton (Crypt:2)
  A floating eye (Slime:5)
  A swamp drake (shapeshifter) (Depths:1)
  21 ice beasts
  6 sky beasts
  70 orc warriors
  13 spiny frog skeletons
  A snapping turtle zombie (Coc:4)
  A black bear (D:10)
  An eye of draining (shapeshifter) (Vaults:5)
  An ettin simulacrum (Vaults:4)
  3 eyes of draining
  31 ogres
  7 phantoms
  3 alligator simulacra
  A fire dragon simulacrum (Coc:7)
  6 necrophages
  10 boggarts
  37 centaurs
  12 wolves
  3 snapping turtle skeletons
  6 swamp dragon skeletons
  18 crocodiles
  3 big kobolds
  14 bullfrogs
  An earth elemental (Elf:3)
  3 spiny frog simulacra
  A wyvern zombie (D:15)
  A wyvern skeleton (D:15)
  6 scorpions
  A hornet simulacrum (Vaults:1)
  A snapping turtle simulacrum (Hell)
  A manticore simulacrum (Hell)
  4 spriggan skeletons
  A warg skeleton (Crypt:1)
  47 wights
  A raiju skeleton (Crypt:3)
  3 troll skeletons (Volcano)
  A vampire bat (Lair:5)
  2 howler monkeys
  5 electric eels
  6 starcursed masses (Abyss:3)
  9 crimson imps
  3 bullfrog zombies
  3 draconian simulacra (IceCv)
  5 lava snakes (Lair:5)
  3 quasits
  A centaur zombie (D:4)
  4 jellies
  A bullfrog skeleton (D:10)
  9 hounds
  19 orc priests
  3 iguanas
  2 iron imps (Abyss:2)
  22 orc wizards
  3 centaur skeletons
  Jessica (D:3)
  7 worker ants
  2 troll simulacra (IceCv)
  2 centaur simulacra (IceCv)
  3 naga skeletons
  2 hound zombies
  4 mummies
  A hound skeleton (D:7)
  A worker ant zombie (D:2)
  13 adders
  3 gnolls (D:3)
  A hound simulacrum (D:8)
  2 naga simulacra (IceCv)
  An ogre simulacrum (IceCv)
  4 shadow imps
  27 white imps
  An ufetubus (Abyss:2)
  An ooze (D:2)
  A lava snake zombie (Crypt:3)
  2 adder skeletons
  3 worms
  3 dart slugs
  An adder simulacrum (D:9)
  7 leopard geckos
  118 orcs
  8 bats
  4 giant cockroaches
  5 goblins
  5 hobgoblins
  11 jackals
  3 quokkas
  2 ball pythons
  A ball python zombie (Crypt:1)
  5 frilled lizards
  A frilled lizard zombie (Crypt:2)
  A giant cockroach zombie (Crypt:3)
  A goblin zombie (Crypt:2)
  A jackal zombie (D:6)
  15 kobolds
  A kobold skeleton (Coc:2)
  A leopard gecko skeleton (D:4)
  A leopard gecko zombie (D:5)
  An orc zombie (Coc:2)
  2 quokka skeletons (D:6)
  6 rats
  2 crawling corpses (Elf:1)
  3 fungi (Lair:1)
  9 plants
  A starspawn tentacle (Abyss:3)
  11 tentacles
3630 creatures vanquished.

Vanquished Creatures (others)
  Vashnia (Snake:3)
  2 deep elf master archers (Elf:3)
  An eldritch tentacle (Coc:7)
  An elemental wellspring (Coc:6)
  A blizzard demon (Coc:7)
  A yaktaur captain (Vaults:2)
  A deep troll shaman (Depths:1)
  A satyr (Shoals:2)
  3 naga sharpshooters
  A deep troll (Depths:1)
  A wizard (Vaults:1)
  An unseen horror (shapeshifter) (Depths:3)
  4 deep elf archers
  2 deep elf magi
  A harpy (Shoals:4)
  A salamander (Snake:2)
  A cyclops (D:14)
  A naga mage (Vaults:1)
  A guardian serpent (Snake:1)
  A titan simulacrum (Coc:7)
  14 yaktaurs
  A merfolk (Shoals:2)
  A saltling (Desolation)
  A flying skull (Coc:7)
  A fire elemental (Geh:1)
  A human (Elf:1)
  A water elemental (Hell)
  A golden eye (Slime:5)
  An orc warrior (Orc:1)
  5 centaurs
  A wight (Coc:1)
  An iron imp (Abyss:2)
  A mummy (Coc:7)
  A white imp (Hell)
  A kobold (D:14)
  4 bushes (Depths:3)
  A crawling corpse (Elf:3)
  7 fungi
  39 plants
  11 starspawn tentacles
  41 tentacles
  29 withered plants (Crypt:3)
191 creatures vanquished.

Grand Total: 3821 creatures vanquished

Notes
Turn   | Place    | Note
-------+----------+-------------------------------------------
     0 | D:1      | Peloso the Minotaur Fighter began the quest for the Orb.
     0 | D:1      | Reached XP level 1. HP: 19/19 MP: 0/0
   137 | D:1      | Reached XP level 2. HP: 14/27 MP: 1/1
   830 | D:1      | Reached XP level 3. HP: 33/33 MP: 2/2
  1499 | D:2      | Reached XP level 4. HP: 36/40 MP: 3/3
  1652 | D:2      | Found a shimmering blue altar of Sif Muna.
  1653 | D:2      | Found an ancient bone altar of Kikubaaqudgha.
  1653 | D:2      | Found a radiant altar of Vehumet.
  1659 | D:2      | Identified Vehumet's Volume of Arcane Weapons
  1885 | D:3      | Reached skill level 1 in Dodging
  1936 | D:3      | Noticed Jessica
  1943 | D:3      | Killed Jessica
  2059 | D:3      | Found a stormy altar of Qazlal.
  2061 | D:3      | Noticed a fire elemental
  2062 | D:3      | Noticed an air elemental
  2062 | D:3      | Noticed a water elemental
  2062 | D:3      | Noticed an earth elemental
  2269 | D:3      | Found a snail-covered altar of Cheibriados.
  2281 | D:3      | Reached XP level 5. HP: 46/46 MP: 4/4
  2604 | D:4      | Noticed a centaur
  2612 | D:4      | Reached skill level 5 in Shields
  2621 | D:4      | Killed a centaur
  2621 | D:4      | Reached skill level 5 in Long Blades
  2621 | D:4      | Reached skill level 5 in Armour
  2621 | D:4      | Reached XP level 6. HP: 6/53 MP: 5/5
  3119 | D:4      | Found an iron altar of Okawaru.
  3119 | D:4      | Found a hazy altar of Hepliaklqana.
  3212 | D:4      | Became a worshipper of Warmaster Okawaru
  3384 | D:4      | Found a white marble altar of Elyvilon.
  3779 | D:5      | Entered Level 5 of the Dungeon
  3817 | D:5      | Got a jewelled whip
  3818 | D:5      | Identified the +8 whip "Egritit" {holy, rF+ Str+4} (You
                  | found it on level 5 of the Dungeon)
  3890 | D:5      | Reached XP level 7. HP: 55/60 MP: 6/6
  3914 | D:5      | Noticed a +0 hand axe
  3915 | D:5      | Noticed a +0 dagger
  4204 | D:5      | Found a hide-covered altar of Uskayaw.
  4442 | D:5      | Found a blossoming altar of Fedhas.
  4670 | D:5      | Reached * piety under Okawaru
  4670 | D:5      | Reached skill level 5 in Fighting
  4819 | D:5      | Reached XP level 8. HP: 59/68 MP: 7/7
  4992 | D:6      | Found a basalt altar of Yredelemnul.
  5567 | D:6      | Found Tannic Idgha's Assorted Antiques.
  5585 | D:6      | Bought a ruby potion for 28 gold pieces
  5585 | D:6      | Bought a pink potion for 28 gold pieces
  5585 | D:6      | Bought a scroll labeled BUF GUUBOSUT for 32 gold pieces
  5772 | D:6      | Found a staircase to the Ecumenical Temple.
  5911 | D:6      | Reached ** piety under Okawaru
  6420 | D:7      | Reached XP level 9. HP: 62/75 MP: 8/8
  6542 | D:7      | Reached *** piety under Okawaru
  6861 | D:7      | Reached skill level 10 in Long Blades
  7247 | D:8      | Found a sacrificial altar of Ru.
  7329 | D:8      | Noticed navillus's ghost (novice MiFi)
  7367 | D:8      | Reached skill level 1 in Stealth
  7445 | D:8      | Found a runed translucent gate.
  7445 | D:8      | Found a runed translucent gate.
  7447 | D:8      | Found a runed translucent gate.
  7523 | D:8      | Reached **** piety under Okawaru
  7897 | D:9      | Noticed an eight-headed hydra
  7908 | D:9      | Killed a two-headed hydra
  7908 | D:9      | Reached ***** piety under Okawaru
  7908 | D:9      | Reached XP level 10. HP: 53/86 MP: 6/9
  7956 | D:9      | Noticed an unseen horror
  7969 | D:9      | Killed an unseen horror
  7988 | D:9      | Got a serpentine wooden ring
  7990 | D:9      | Identified the ring "Piutaem" {rElec rF+ MR- Int+3 Dex+4}
                  | (You found it on level 9 of the Dungeon)
  8132 | D:9      | Found an ancient bone altar of Kikubaaqudgha.
  8147 | D:9      | Reached skill level 10 in Shields
  8267 | D:9      | Found a shadowy altar of Dithmenos.
  8406 | D:10     | Entered Level 10 of the Dungeon
  9036 | D:11     | Received a gift from Okawaru
  9058 | D:11     | HP: 4/88 [vampire/vampiric draining (14)]
  9073 | D:11     | Noticed a gargoyle
  9374 | D:11     | Killed a gargoyle
  9641 | D:11     | Reached XP level 11. HP: 81/95 MP: 10/10
  9667 | D:11     | Found Wuebiz's Gadget Shop.
  9728 | D:11     | Found a staircase to the Lair.
 10236 | D:11     | Reached skill level 10 in Armour
 10576 | D:11     | Found a roughly hewn altar of Beogh.
 10576 | D:11     | Found a staircase to the Orcish Mines.
 10591 | D:11     | Found Boih's Gadget Boutique.
 10801 | D:11     | Found Acafit's General Store.
 10808 | D:11     | Bought a scroll of enchant weapon for 120 gold pieces
 11290 | D:12     | Received a gift from Okawaru
 11362 | D:12     | Noticed a seven-headed hydra
 11381 | D:12     | Killed a one-headed hydra
 11381 | D:12     | Reached skill level 1 in Axes
 11759 | D:12     | Noticed an eight-headed hydra
 11771 | D:12     | Killed a four-headed hydra
 12573 | D:8      | Killed navillus's ghost
 12604 | D:8      | Got the ring of Zuhoucie {Fire}
 12606 | D:8      | Identified the ring of Zuhoucie {Fire *Drain rElec rN+++
                  | Stlth+} (You found it on level 8 of the Dungeon)
 12813 | Lair:1   | Entered Level 1 of the Lair of Beasts
 12834 | Lair:1   | Reached XP level 12. HP: 105/105 MP: 11/11
 13357 | Lair:1   | Reached skill level 10 in Fighting
 13594 | Lair:2   | Received a gift from Okawaru
 13792 | Lair:2   | Reached ****** piety under Okawaru
 14159 | Lair:2   | Received a gift from Okawaru
 14749 | Lair:3   | Reached XP level 13. HP: 58/115 MP: 12/12
 15232 | Lair:3   | Found a staircase to the Snake Pit.
 15361 | Lair:3   | Found a staircase to the Shoals.
 16101 | Lair:4   | Found a dark tunnel.
 16106 | Volcano  | Entered a volcano
 16219 | Volcano  | Reached skill level 15 in Long Blades
 16340 | Volcano  | Received a gift from Okawaru
 16350 | Volcano  | Got a heavily runed large shield {god gift}
 16356 | Volcano  | Identified the +6 large shield of the Sturgeon {Dex+7}
                  | (Okawaru gifted it to you in a volcano)
 17191 | Lair:4   | Noticed Nergalle
 17200 | Lair:4   | Killed Nergalle
 17200 | Lair:4   | Reached skill level 1 in Invocations
 17997 | Lair:5   | Received a gift from Okawaru
 18000 | Lair:5   | Reached skill level 15 in Shields
 18027 | Lair:5   | Got a slimy ring mail {god gift}
 18044 | Lair:5   | Identified the +1 ring mail of Unnaarph {-Tele MR++}
                  | (Okawaru gifted it to you on level 5 of the Lair of Beasts)
 19173 | D:13     | Found a frozen archway.
 19204 | IceCv    | Entered an ice cave
 19566 | D:13     | Found Roithues's Armour Emporium.
 19589 | D:13     | Bought the +8 chain mail of the Oligarchy {rPois Dex+3} for
                  | 992 gold pieces
 19647 | D:13     | Reached XP level 14. HP: 124/126 MP: 13/13
 20149 | D:14     | Noticed Rupert
 20155 | D:14     | Paralysed by Rupert for 5 turns
 20172 | D:14     | Killed Rupert
 20257 | D:14     | Noticed Josephine
 20284 | D:14     | Killed Josephine
 20529 | D:14     | Received a gift from Okawaru
 21062 | D:14     | Found a blossoming altar of Fedhas.
 21158 | D:14     | Noticed Jorgrun
 21188 | D:14     | Killed Jorgrun
 21188 | D:14     | Received a gift from Okawaru
 21871 | D:14     | Found a gate to the Vaults.
 22086 | D:14     | Got an encrusted short sword
 22087 | D:14     | Identified the +8 short sword of Faonwergh {pierce, rPois
                  | Str+7 Int-2} (You found it on level 14 of the Dungeon)
 22178 | Orc:1    | Entered Level 1 of the Orcish Mines
 22195 | Orc:1    | Received a gift from Okawaru
 22353 | Orc:1    | Found Ifruruga's Weapon Shoppe.
 22583 | Orc:2    | Entered Level 2 of the Orcish Mines
 22649 | Orc:2    | Paralysed by an orc sorcerer for 3 turns
 22922 | Orc:2    | Received a gift from Okawaru
 22925 | Orc:2    | Got an encrusted cloak {god gift}
 22936 | Orc:2    | Identified the +0 cloak "Giott" {rElec rPois} (Okawaru
                  | gifted it to you on level 2 of the Orcish Mines)
 23020 | Orc:2    | Reached XP level 15. HP: 129/136 MP: 14/14
 23230 | Orc:2    | Found a staircase to the Elven Halls.
 23270 | Orc:2    | Found Vibbink's Gadget Emporium.
 23318 | Orc:2    | Found Makler's Armour Shop.
 23319 | Orc:2    | Found Celuoh's Jewellery Emporium.
 23319 | Orc:2    | Found Xaro's Weapon Boutique.
 23322 | Orc:2    | Found Sedghut's Weapon Shoppe.
 24054 | Lair:6   | Entered Level 6 of the Lair of Beasts
 24054 | Lair:6   | Found a viscous altar of Jiyva.
 24054 | Lair:6   | Found a staircase to the Slime Pits.
 24263 | Lair:6   | Reached skill level 5 in Dodging
 24511 | Lair:6   | Noticed Urug
 24523 | Lair:6   | Killed Urug
 24589 | Lair:6   | Found a burning altar of Makhleb.
 24814 | Lair:6   | Received a gift from Okawaru
 25226 | Lair:6   | Received a gift from Okawaru
 25236 | Lair:6   | Got a pitted long sword {god gift}
 25237 | Lair:6   | Identified the +1 long sword of Doerphya {holy, *Contam rF+
                  | Str+4} (Okawaru gifted it to you on level 6 of the Lair of
                  | Beasts)
 25244 | Lair:6   | Found a gateway to Hell.
 25532 | D:15     | Entered Level 15 of the Dungeon
 25889 | D:15     | Found a staircase to the Depths.
 25889 | D:15     | Noticed a fire giant
 25903 | D:15     | Killed a fire giant
 26260 | D:15     | Received a gift from Okawaru
 26863 | Snake:1  | Entered Level 1 of the Snake Pit
 26901 | Snake:1  | Received a gift from Okawaru
 26938 | Snake:1  | You are sucked into a shaft and drop 1 floor!
 26972 | Snake:2  | Noticed a nagaraja
 27003 | Snake:2  | Reached XP level 16. HP: 85/147 MP: 5/15
 27049 | Snake:2  | Paralysed by fainting for 6 turns
 27092 | Snake:2  | Identified the Almanac of Confrontation
 27109 | Snake:2  | Received a gift from Okawaru
 27584 | Snake:1  | Received a gift from Okawaru
 27604 | Snake:1  | Found Wuiqininia's Gadget Shoppe.
 27622 | Snake:1  | Reached skill level 15 in Fighting
 27645 | Snake:1  | Bought a wand of digging (5) for 198 gold pieces
 27837 | Snake:1  | Noticed Aizul
 27855 | Snake:1  | Killed Aizul
 28534 | Shoals:1 | Entered Level 1 of the Shoals
 28580 | Shoals:1 | Received a gift from Okawaru
 28580 | Shoals:1 | Reached skill level 1 in Evocations
 28590 | Shoals:1 | Got a polished long sword {god gift}
 28591 | Shoals:1 | Identified the +11 long sword "Giantslayer" {flame, rC+}
                  | (Okawaru gifted it to you on level 1 of the Shoals)
 29174 | Shoals:1 | Got a scorched copper ring
 29358 | Shoals:1 | Identified the ring "Irgho Rec" {+Fly SInv} (You found it
                  | on level 1 of the Shoals)
 29393 | Shoals:1 | Received a gift from Okawaru
 29404 | Shoals:1 | Got translucent gold dragon scales {god gift}
 29430 | Shoals:1 | Got an ancient plate armour
 29441 | Shoals:1 | Identified the +0 plate armour of Blue Skies {rPois rC++
                  | Dex-3} (You found it on level 1 of the Shoals)
 29451 | Shoals:1 | Identified the +2 gold dragon scales of Zeith {rPois rF+
                  | rC+ Str+4} (Okawaru gifted it to you on level 1 of the
                  | Shoals)
 30157 | Shoals:2 | Noticed Donald
 30171 | Shoals:2 | Killed Donald
 30217 | Shoals:2 | Reached XP level 17. HP: 156/156 MP: 16/16
 31185 | Shoals:3 | Found Vuikk's Jewellery Shop.
 31194 | Shoals:3 | Bought a cursed amulet of inaccuracy for 28 gold pieces
 31400 | Shoals:3 | Noticed a kraken
 31417 | Shoals:3 | Killed a kraken
 31460 | Shoals:3 | Received a gift from Okawaru
 31518 | Shoals:3 | Noticed a kraken
 31536 | Shoals:3 | Killed a kraken
 32237 | Shoals:4 | Entered Level 4 of the Shoals
 32939 | Shoals:4 | Got a coiled platinum ring
 32944 | Shoals:4 | Identified the ring "Jor Susk" {-Tele rElec MR+ MP+9 Int-4}
                  | (You found it on level 4 of the Shoals)
 33090 | Shoals:4 | Received a gift from Okawaru
 33102 | Shoals:4 | Got a pair of ichor-stained boots {god gift}
 33109 | Shoals:4 | Got a shimmering battleaxe
 33122 | Shoals:4 | Identified the +2 pair of boots of the Marlin {-Cast *Slow
                  | +Blink +Inv} (Okawaru gifted it to you on level 4 of the
                  | Shoals)
 33134 | Shoals:4 | Identified the +6 battleaxe "Leviticus" {venom, rElec rC++
                  | Int-4} (You found it on level 4 of the Shoals)
 33824 | Shoals:4 | Got a barnacled rune of Zot
 34573 | Snake:3  | Noticed Vashnia
 34623 | Snake:3  | Killed Vashnia
 34644 | Snake:3  | Reached XP level 18. HP: 168/168 MP: 17/17
 34860 | Snake:3  | Found Pudas's Assorted Antiques.
 34860 | Snake:3  | Found Uwitim's Weapon Shop.
 35169 | Snake:4  | Entered Level 4 of the Snake Pit
 35169 | Snake:4  | Found Nuodul's Needful Niceties.
 35639 | Snake:4  | Received a gift from Okawaru
 36191 | Snake:4  | Reached skill level 15 in Armour
 36593 | Snake:4  | Received a gift from Okawaru
 36774 | Snake:4  | Got a serpentine rune of Zot
 37417 | Vaults:1 | Entered Level 1 of the Vaults
 37765 | Vaults:1 | Reached XP level 19. HP: 134/177 MP: 18/18
 38196 | Vaults:1 | Received a gift from Okawaru
 38573 | Vaults:1 | Received a gift from Okawaru
 38611 | Vaults:1 | Got a twisted double sword {god gift}
 38612 | Vaults:1 | Identified the +4 double sword "Lieclemov" {drain, rPois
                  | rF+++ Int-2 Dex+3} (Okawaru gifted it to you on level 1 of
                  | the Vaults)
 38656 | Vaults:1 | Got a dazzling hat
 38667 | Vaults:1 | Identified the +3 hat "Trusted Companion" {MR+} (You found
                  | it on level 1 of the Vaults)
 38697 | Vaults:1 | Found a radiant altar of Vehumet.
 38713 | Vaults:1 | Got a fine hat
 38724 | Vaults:1 | Identified the +3 hat of Refuge {rF+ Str+9 Int+2 Dex-3}
                  | (You found it on level 1 of the Vaults)
 39035 | Vaults:2 | Found Femees's Antique Weapon Shop.
 39230 | Vaults:2 | Received a gift from Okawaru
 39337 | Vaults:2 | Found a staircase to the Crypt.
 40496 | Elf:1    | Entered Level 1 of the Elven Halls
 40552 | Elf:1    | Found Neerufag's Food Boutique.
 40552 | Elf:1    | Noticed Frances
 40592 | Elf:1    | Killed Frances
 40606 | Elf:1    | Reached XP level 20. HP: 115/189 MP: 19/19
 40703 | Elf:1    | Received a gift from Okawaru
 40715 | Elf:1    | Found a glowing golden altar of the Shining One.
 40728 | Elf:1    | Found a ruined gateway.
 40730 | Elf:1    | Found a glowing silver altar of Zin.
 40730 | Elf:1    | Found a white marble altar of Elyvilon.
 40765 | Desolati | Entered the Desolation of Salt
 41172 | Desolati | Got a scintillating golden ring
 41173 | Desolati | Identified the ring "Assi" {+Fly rN+ Str-4 Stlth-} (You
                  | found it in the Desolation of Salt)
 41177 | Desolati | Got a faintly glowing falchion
 41178 | Desolati | Identified the +5 falchion of Ascent {drain, Int+3 Dex+5}
                  | (You found it in the Desolation of Salt)
 41253 | Desolati | Identified the Incunabulum of Supportive Unholy Rituals
 41257 | Desolati | Identified the Papyrus of Confrontation
 41546 | Desolati | Found the +8 orange crystal plate armour {Archmagi, Int+3
                  | Clar}
 41623 | Desolati | Received a gift from Okawaru
 42031 | Desolati | Identified the ring "Atwya" {MP+9 Dex+3}
 42141 | Desolati | Identified the Compendium of Fascination
 42160 | Desolati | Got a crude hand axe
 42161 | Desolati | Identified the +10 hand axe of Dividends {freeze, *Corrode
                  | rPois Dex+7} (You found it in the Desolation of Salt)
 42169 | Desolati | Got an ancient dagger
 42170 | Desolati | Identified the +11 dagger "Ceonk" {flame, rF++ Int-2} (You
                  | found it in the Desolation of Salt)
 42517 | Elf:1    | Noticed Kirke
 42525 | Elf:1    | Killed Kirke
 43404 | Elf:2    | Found Askol's Book Boutique.
 43464 | Elf:2    | Found a runed translucent gate.
 43464 | Elf:2    | Found a runed translucent gate.
 43464 | Elf:2    | Found a runed translucent gate.
 43514 | Elf:2    | Received a gift from Okawaru
 43834 | Elf:2    | Found a runed translucent gate.
 43834 | Elf:2    | Found a runed translucent gate.
 43834 | Elf:2    | Found a runed translucent gate.
 43835 | Elf:2    | Noticed Yskulaw's ghost (adept FeAr)
 44016 | Elf:2    | Killed Yskulaw's ghost
 44068 | Elf:2    | Got a pair of faintly glowing boots
 44162 | Elf:2    | Identified the +0 pair of boots "Vemoluv" {MR+} (You found
                  | it on level 2 of the Elven Halls)
 44182 | Elf:3    | Entered Level 3 of the Elven Halls
 44288 | Elf:3    | Found a magical portal.
 44650 | WizLab   | Found the +9 staff of Wucad Mu {channel}
 44707 | WizLab   | HP: 8/191 [grey draconian monk[the Statue of Wucad Mu]
                  | (19)]
 44763 | WizLab   | Reached skill level 1 in Throwing
 44763 | WizLab   | Reached skill level 1 in Unarmed Combat
 44763 | WizLab   | Reached XP level 21. HP: 56/198 MP: 8/21
 44858 | WizLab   | HP: 4/198 [grey draconian monk[old memories] (6)]
 45523 | WizLab   | Reached skill level 1 in Staves
 45523 | WizLab   | Reached skill level 1 in Spellcasting
 45523 | WizLab   | Reached XP level 22. HP: 206/206 MP: 22/22
 46169 | Elf:3    | Received a gift from Okawaru
 46900 | Elf:3    | Identified the +1 chain mail "Bobleu" {rCorr Str+2}
 46900 | Elf:3    | Identified the ring of Piosso {rElec Int+4 Stlth+}
 46912 | Elf:3    | Identified the +10 long sword "Dacrer" {drain, *Noise
                  | Fragile rF++ rC+++}
 46912 | Elf:3    | Identified the amulet "Yrghidd" {RegenMP rPois Str+2 Dex-3}
 46916 | Elf:3    | Received a gift from Okawaru
 46916 | Elf:3    | Reached XP level 23. HP: 145/214 MP: 23/23
 46951 | Elf:3    | Identified the +7 long sword "Qaum" {protect, rPois}
 47280 | Elf:3    | Identified the +5 great mace of Law {crush, rN+}
 47642 | Elf:3    | Identified the Reference Book on Supportive Changing
 47668 | Elf:3    | Found the +2 pair of boots of the Assassin {Detection Stab+
                  | Stlth++}
 47907 | Elf:3    | Identified the ring "Atesiahi" {rC+ rN+}
 48838 | Elf:3    | Got a jewelled ring mail {god gift}
 49459 | Vaults:3 | Reached skill level 27 in Shields
 49517 | Vaults:3 | Got a faintly glowing chain mail
 49528 | Vaults:3 | Identified the +2 chain mail of Kineleoz {rN+ Int+3} (You
                  | found it on level 3 of the Vaults)
 50034 | Vaults:3 | Found a portal to a secret trove of treasure.
 50894 | Hell     | Entered the Vestibule of Hell
 50894 | Hell     | Noticed Geryon
 50900 | Hell     | Gained mutation: You are surrounded by a mild repulsion
                  | field. (EV +2) [a cacodemon]
 50911 | Lair:6   | Received a gift from Okawaru
 52857 | Vaults:4 | Reached XP level 24. HP: 228/228 MP: 23/23
 52963 | Vaults:5 | Entered Level 5 of the Vaults
 53051 | Vaults:4 | Received a gift from Okawaru
 53508 | Vaults:5 | Received a gift from Okawaru
 53742 | Vaults:5 | Got a silver rune of Zot
 53773 | Vaults:5 | Got a crude plate armour {god gift}
 53786 | Vaults:5 | Identified the +6 plate armour of Etuedozo {MR+ Regen+}
                  | (Okawaru gifted it to you on level 5 of the Vaults)
 54077 | Lair:1   | Identified the +1 ring mail of Pandemonium {rF+ rN+ Dex-5
                  | Slay+2} (Okawaru gifted it to you on level 3 of the Elven
                  | Halls)
 54289 | Lair:1   | Reached XP level 25. HP: 240/240 MP: 23/24
 54290 | Lair:1   | Reached XP level 26. HP: 248/248 MP: 23/24
 54291 | Lair:1   | Reached XP level 27. HP: 256/256 MP: 23/25
 54593 | Vaults:5 | Identified Sif Muna's Reference Book on Companions and
                  | Transmutation
 54705 | Vaults:5 | Got a steaming jade ring
 54711 | Vaults:5 | Identified the ring "Nagaxeocwu" {rN+ EV+2 Dex+4} (You
                  | found it on level 5 of the Vaults)
 54734 | Vaults:5 | Got a pair of crude gloves
 54756 | Vaults:5 | Identified the +1 pair of gloves of Vehumet's Whim {rElec}
                  | (You found it on level 5 of the Vaults)
 54959 | Vaults:5 | Got a bound bone ring
 54961 | Vaults:5 | Identified the ring "Olig" {rC++ rN+ Int-2 SInv} (You found
                  | it on level 5 of the Vaults)
 55117 | Vaults:5 | Paralysed by a sphinx for 6 turns
 55129 | Vaults:5 | Received a gift from Okawaru
 55166 | Vaults:5 | Found the +10 morningstar "Eos" {elec, Halo rElec}
 55415 | Vaults:5 | Paralysed by an orc sorcerer for 7 turns
 56530 | Depths:1 | Entered Level 1 of the Depths
 56551 | Depths:1 | Noticed the Enchantress
 56593 | Depths:1 | Killed the Enchantress
 56827 | Depths:1 | Found Reomn's Jewellery Shoppe.
 56828 | Depths:1 | Found Udoiplis's Gadget Boutique.
 56829 | Depths:1 | Found Qemeg's Jewellery Shoppe.
 56835 | Depths:1 | Bought the amulet of the Four Winds {rN+ MR+++ Clar} for
                  | 658 gold pieces
 56835 | Depths:1 | Found the amulet of the Four Winds {rN+ MR+++ Clar}
 56864 | Depths:1 | Noticed Bai Suzhen
 56881 | Depths:1 | Killed Bai Suzhen
 57084 | Depths:1 | Found a gateway to a ziggurat.
 57272 | Depths:1 | Found a one-way gate to the infinite horrors of the Abyss.
 57306 | Depths:1 | Found Ygomadeisk's Blood Bar.
 57407 | Depths:2 | Received a gift from Okawaru
 57428 | Depths:2 | Received a gift from Okawaru
 57809 | Depths:2 | Received a gift from Okawaru
 58781 | Depths:3 | You fall into a shaft and drop 2 floors!
 58781 | Depths:5 | Entered Level 5 of the Depths
 58856 | Depths:5 | Noticed a juggernaut
 58889 | Depths:5 | Killed a juggernaut
 59090 | Depths:5 | Received a gift from Okawaru
 59666 | Depths:5 | Found a gate to the Realm of Zot.
 60097 | Depths:4 | Found Inker's Antique Armour Boutique.
 60371 | Depths:4 | Received a gift from Okawaru
 60371 | Depths:4 | Reached skill level 27 in Long Blades
 60875 | Hell     | Noticed Murray
 61281 | Hell     | Killed Murray
 61364 | Hell     | Found a gateway to the ashen valley of Gehenna.
 61368 | Hell     | Received a gift from Okawaru
 61707 | Hell     | Killed Geryon
 62100 | Hell     | Found a gateway to the decaying netherworld of Tartarus.
 62168 | Hell     | Reached skill level 27 in Fighting
 62415 | Hell     | Found a gateway to the freezing wastes of Cocytus.
 62474 | Hell     | Found a gateway to the Iron City of Dis.
 63137 | Depths:3 | Found a one-way gate leading to the halls of Pandemonium.
 64460 | Crypt:1  | Entered Level 1 of the Crypt
 64502 | Crypt:1  | Received a gift from Okawaru
 64652 | Crypt:1  | Noticed a greater mummy
 64661 | Crypt:1  | Killed a greater mummy
 65227 | Crypt:1  | Noticed a greater mummy
 65227 | Crypt:1  | Noticed a greater mummy
 65228 | Crypt:1  | Found the +7 sceptre of Torment {pain, torment}
 65236 | Crypt:1  | Killed a greater mummy
 65240 | Crypt:1  | Killed a greater mummy
 66209 | Crypt:2  | Noticed Mara
 66212 | Crypt:2  | Noticed Peloso's illusion
 66227 | Crypt:2  | Killed Mara
 67048 | Crypt:2  | Received a gift from Okawaru
 67060 | Crypt:2  | Got a warped scimitar {god gift}
 67061 | Crypt:2  | Identified the +8 scimitar "Ituixa" {venom, Stlth+}
                  | (Okawaru gifted it to you on level 2 of the Crypt)
 67760 | Vaults:3 | You paid a toll of a +7 demon trident to enter a treasure
                  | trove
 67761 | Trove    | Entered a treasure trove
 67788 | Trove    | Got a twitching tin amulet
 67812 | Trove    | Got an ichor-stained chain mail
 67835 | Trove    | Identified the cursed +0 chain mail of Omojeutz {rN+ Str+3}
                  | (You found it in a treasure trove)
 67847 | Trove    | Identified the amulet "Waachumn" {Inacc rF+} (You found it
                  | in a treasure trove)
 67855 | Trove    | Got a scorched leather armour
 68038 | Vaults:3 | Identified the +0 leather armour "Juigoas" {rN+ SInv} (You
                  | found it in a treasure trove)
 68192 | Crypt:3  | Entered Level 3 of the Crypt
 68660 | Crypt:3  | Found a staircase to the Tomb.
 68851 | Crypt:3  | Received a gift from Okawaru
 68916 | Crypt:3  | Found a basalt altar of Yredelemnul.
 69163 | Crypt:3  | Got a glittering jade amulet
 69163 | Crypt:3  | Got a coiled sapphire amulet
 69163 | Crypt:3  | Got an ancient glass ring
 69166 | Crypt:3  | Identified the amulet of Examergh {*Corrode MR+ Regen+
                  | Int-2 Dex+7} (You found it on level 3 of the Crypt)
 69167 | Crypt:3  | Identified the amulet "Kigoytea" {Regen+ Dex+5 SInv Stlth-}
                  | (You found it on level 3 of the Crypt)
 69168 | Crypt:3  | Identified the ring "Bugharaiwn" {rN+ MP+9 Dex+2} (You
                  | found it on level 3 of the Crypt)
 70190 | Depths:5 | Got a jewelled crystal plate armour
 70201 | Depths:5 | Identified the +13 crystal plate armour "Gugis" {rPois MR++
                  | Regen+ Int-4} (You acquired it on level 5 of the Depths)
 70208 | Depths:5 | Got a bloodstained hat
 70219 | Depths:5 | Identified the +2 hat of Oblivion {-Cast Str+4 Dex+6} (You
                  | acquired it on level 5 of the Depths)
 70228 | Depths:5 | Got a translucent crystal plate armour
 70239 | Depths:5 | Identified the +1 crystal plate armour "Otuehad" {Int+4}
                  | (You acquired it on level 5 of the Depths)
 70241 | Depths:5 | Got a pair of bloodstained boots
 70252 | Depths:5 | Identified the +2 pair of boots "Wuqur" {-Tele MR+ rCorr
                  | Str+3} (You acquired it on level 5 of the Depths)
 70253 | Depths:5 | Got a pair of jewelled boots
 70264 | Depths:5 | Identified the +0 pair of boots of Lies {Int+3} (You
                  | acquired it on level 5 of the Depths)
 70619 | Lair:1   | Upgraded the game from 0.25-a0-35-g747a2b3c0c to
                  | 0.25-a0-36-g303dd5b1f4
 70900 | Zot:1    | Entered Level 1 of the Realm of Zot
 71256 | Zot:1    | Received a gift from Okawaru
 71358 | Zot:1    | Reached skill level 27 in Armour
 71438 | Zot:1    | Received a gift from Okawaru
 71444 | Zot:1    | Reached skill level 5 in Evocations
 72200 | Zot:2    | Noticed an orb of fire
 72221 | Zot:2    | Gained mutation: [Scrolls take you a little longer to
                  | read.] [an orb of fire]
 72222 | Zot:2    | Gained mutation: Your magical capacity is low. (-10% MP)
                  | [an orb of fire]
 72223 | Zot:2    | Killed an orb of fire
 72223 | Zot:2    | Received a gift from Okawaru
 72331 | Zot:2    | Reached skill level 10 in Evocations
 72781 | Zot:2    | Received a gift from Okawaru
 72946 | Zot:2    | Got a jewelled broad axe
 72949 | Zot:2    | Identified the +10 broad axe "Olen Cesk" {drain, rC+ Str+3}
                  | (You found it on level 2 of the Realm of Zot)
 73663 | Zot:3    | Got a brightly glowing scale mail
 73666 | Zot:3    | Identified the cursed +1 scale mail of Fedhas's Delight
                  | {MR- Str+4 Dex+4} (You found it on level 3 of the Realm of
                  | Zot)
 73927 | Zot:4    | Reached skill level 5 in Stealth
 74761 | Zot:4    | Received a gift from Okawaru
 75056 | Zot:4    | Reached skill level 15 in Evocations
 75077 | Zot:5    | Entered Level 5 of the Realm of Zot
 75829 | Slime:1  | Entered Level 1 of the Pits of Slime
 75836 | Slime:1  | Gained mutation: You are clumsy. (Dex -2) [a shining eye]
 75837 | Slime:1  | Gained mutation: Your magical capacity is very low. (-20%
                  | MP) [a shining eye]
 75979 | Slime:2  | Gained mutation: [Scrolls take you longer to read.] [a
                  | shining eye]
 75980 | Slime:2  | Gained mutation: [Your body sometimes deteriorates upon
                  | taking damage.] [a shining eye]
 76089 | Slime:5  | Entered Level 5 of the Pits of Slime
 76106 | Slime:5  | Gained mutation: Your magical capacity is extremely low.
                  | (-30% MP) [a shining eye]
 76112 | Slime:5  | Paralysed by a floating eye for 4 turns
 76144 | Slime:5  | Noticed the Royal Jelly
 76573 | Slime:5  | Killed the Royal Jelly
 76573 | Slime:5  | Received a gift from Okawaru
 76573 | Slime:5  | Reached skill level 5 in Invocations
 76649 | Slime:5  | Found the +8 demon trident "Rift" {distort, reach+}
 76681 | Slime:5  | Found the +8 arc blade {discharge, rElec}
 76681 | Slime:5  | Got a bound marble ring
 76684 | Slime:5  | Identified the ring of Zaeptuiw {rCorr Int+3} (You found it
                  | on level 5 of the Pits of Slime)
 76694 | Slime:5  | Identified the Guide on Contamination and Unholy Arts
 76727 | Slime:5  | Got a slimy rune of Zot
 76737 | Slime:5  | Found the +7 pair of quick blades "Gyre" and "Gimble"
                  | {protect}
 76794 | Slime:5  | Got a scorched short sword
 76797 | Slime:5  | Identified the cursed +3 short sword "Kenoawie" {protect,
                  | rF+ rC++ MR-} (You found it on level 5 of the Pits of
                  | Slime)
 76956 | Lair:1   | Lost mutation: [Scrolls take you longer to read.] [potion
                  | of mutation]
 76956 | Lair:1   | Lost mutation: [Your body sometimes deteriorates upon
                  | taking damage.] [potion of mutation]
 76956 | Lair:1   | Gained mutation: [Your body sometimes deteriorates upon
                  | taking damage.] [potion of mutation]
 76956 | Lair:1   | Gained mutation: You are partially covered in thin metallic
                  | scales. (AC +2) [potion of mutation]
 76956 | Lair:1   | Gained mutation: You are mostly covered in thin metallic
                  | scales. (AC +3) [potion of mutation]
 76957 | Lair:1   | Lost mutation: Your magical capacity is extremely low.
                  | (-30% MP) [potion of mutation]
 76957 | Lair:1   | Lost mutation: [Your body sometimes deteriorates upon
                  | taking damage.] [potion of mutation]
 76957 | Lair:1   | Lost mutation: You are clumsy. (Dex -2) [potion of
                  | mutation]
 76957 | Lair:1   | Gained mutation: You have a pair of large horns on your
                  | head. [potion of mutation]
 76957 | Lair:1   | Gained mutation: You can translocate small distances at
                  | will. [potion of mutation]
 76958 | Lair:1   | Lost mutation: [Scrolls take you a little longer to read.]
                  | [potion of mutation]
 76958 | Lair:1   | Lost mutation: You have a pair of large horns on your head.
                  | [potion of mutation]
 76958 | Lair:1   | Lost mutation: Your magical capacity is very low. (-20% MP)
                  | [potion of mutation]
 76958 | Lair:1   | Lost mutation: Your magical capacity is low. (-10% MP)
                  | [potion of mutation]
 76958 | Lair:1   | Gained mutation: Your magical capacity is low. (-10% MP)
                  | [potion of mutation]
 76958 | Lair:1   | Gained mutation: Your mind is acute. (Int +2) [potion of
                  | mutation]
 77580 | Coc:1    | Entered Level 1 of Cocytus
 78247 | Coc:1    | Gained mutation: You are clumsy. (Dex -2) [mutagenic glow]
 79483 | Coc:2    | Received a gift from Okawaru
 80927 | Coc:4    | Reached skill level 10 in Invocations
 81231 | Coc:4    | Reached skill level 10 in Stealth
 81296 | Coc:4    | Received a gift from Okawaru
 81711 | Coc:4    | Lost mutation: You are surrounded by a mild repulsion
                  | field. (EV +2) [mutagenic glow]
 81774 | Coc:4    | Lost mutation: Your mind is acute. (Int +2) [mutagenic
                  | glow]
 82237 | Coc:5    | Received a gift from Okawaru
 82240 | Coc:5    | Got a crystal scimitar {god gift}
 82241 | Coc:5    | Identified the +2 scimitar "Naiheez" {vamp, Str-5 Int+4}
                  | (Okawaru gifted it to you on level 5 of Cocytus)
 83514 | Coc:6    | Received a gift from Okawaru
 83526 | Coc:6    | Got a bloodstained hand crossbow {god gift}
 83535 | Coc:6    | Identified the +1 hand crossbow "Cony" {flame, rElec rPois
                  | Int+7 Dex-2} (Okawaru gifted it to you on level 6 of
                  | Cocytus)
 83935 | Coc:7    | Entered Level 7 of Cocytus
 84075 | Coc:7    | Noticed the Serpent of Hell
 84090 | Coc:7    | Killed the Serpent of Hell
 84095 | Coc:7    | Received a gift from Okawaru
 85338 | Coc:7    | Got a translucent scimitar
 85474 | Coc:7    | Identified the cursed +1 scimitar of Dawn {pain, rPois}
                  | (You found it on level 7 of Cocytus)
 85777 | Coc:7    | Received a gift from Okawaru
 85782 | Coc:7    | Got a fine hat {god gift}
 85783 | Coc:7    | Identified the +2 hat of Intercession {+Inv rF- rN++ Str+3}
                  | (Okawaru gifted it to you on level 7 of Cocytus)
 85914 | Coc:7    | Noticed Antaeus
 85948 | Coc:7    | Killed Antaeus
 85948 | Coc:7    | Reached skill level 15 in Invocations
 85969 | Coc:7    | Got an icy rune of Zot
 85980 | Coc:7    | Got an ichor-stained plate armour
 85981 | Coc:7    | Identified the Guide on Aerial Orientation
 86259 | Hell     | Identified the +10 plate armour of the Guilds {rElec rF-
                  | Dex+4 Stlth+} (You found it on level 7 of Cocytus)
 86746 | Orc:2    | Bought an uncursed ring of protection from fire for 300
                  | gold pieces
 86980 | Depths:1 | Bought the ring of Ecuasi {Wiz rF+ MR+++ MP+9 Stlth-} for
                  | 1090 gold pieces
 86980 | Depths:1 | Bought a cursed ring of teleportation for 67 gold pieces
 87912 | Geh:1    | Entered Level 1 of Gehenna
 89054 | Zot:5    | Noticed an ancient lich
 89058 | Zot:5    | Noticed an orb of fire
 89062 | Zot:5    | Killed an ancient lich
 89066 | Zot:5    | Noticed an ancient lich
 89068 | Zot:5    | Gained mutation: You are very clumsy. (Dex -4) [an orb of
                  | fire]
 89069 | Zot:5    | Noticed an ancient lich
 89073 | Zot:5    | Noticed an ancient lich
 89077 | Zot:5    | Noticed an orb of fire
 89094 | Zot:5    | Noticed an ancient lich
 89344 | Depths:4 | Voluntarily entered the Abyss.
 89584 | Abyss:2  | Received a gift from Okawaru
 89619 | Abyss:2  | Found a corrupted altar of Lugonu.
 89884 | Abyss:2  | Found a corrupted altar of Lugonu.
 89927 | Abyss:2  | Received a gift from Okawaru
 89989 | Abyss:2  | Lost intelligence.
 90015 | Abyss:3  | Found a stormy altar of Qazlal.
 90026 | Abyss:3  | Found a stormy altar of Qazlal.
 90128 | Abyss:3  | Paralysed by accursed screaming for 1 turns
 90219 | Abyss:3  | Found a corrupted altar of Lugonu.
 90323 | Abyss:3  | Gained mutation: [You are frail. (-10% HP)] [a shining eye]
 90325 | Abyss:3  | Paralysed by a floating eye for 4 turns
 90333 | Abyss:3  | Gained mutation: You are partially covered in large bone
                  | plates. (SH +4) [a cacodemon]
 90336 | Abyss:3  | Lost intelligence.
 90341 | Abyss:3  | Gained mutation: [You are dopey. (Int -2)] [a cacodemon]
 90342 | Abyss:3  | Paralysed by a floating eye for 3 turns
 90346 | Abyss:3  | Paralysed by a floating eye for 3 turns
 90347 | Abyss:3  | HP: 4/178 [very large slime creature (33)]
 90348 | Abyss:3  | Mangled by a very large slime creature

Levels and vault maps discovered:
D:1:      dpeg_arrival_three_bigger_balls, layout_loops_corners
D:2:      layout_loops_corners, grunt_temple_overflow_magic_moments
D:3:      layout_loops_cross, cheibriados_altar_1, hangedman_glass_teeth,
          minmay_misc_feat_square, nicolae_qazlal_style_of_elements,
          uniq_jessica
D:4:      layout_loops_corners, overflow_temple_1_default,
          gammafunk_temple_overflow_statue, serial_glass, glass_columns_c,
          glass_columns_c
D:5:      layout_basic, dancing_weapons_uskayaw, nicolae_overflow_hidden_temple,
          serial_rivers, chequers_serial_rivers_room_b,
          chequers_serial_rivers_small_b, chequers_serial_rivers_small_a,
          chequers_serial_rivers_micro_b, chequers_serial_rivers_micro_c,
          first_ration
D:6:      layout_basic, lemuel_crystal_altar,
          minmay_temple_entry_drinking_statues, serial_shops,
          nicolae_shop_window_shopping, serial_glass, glass_columns_c,
          glass_columns_c, glass_columns_b, glass_columns_c,
          due_unseen_surprise, feat_on_display
D:7:      layout_rooms, grunt_livestock
D:8:      layout_rooms, nicolae_ru_great_annihilating_truth, gammafunk_ghost_icy
D:9:      minmay_angry_zag, layout_basic, grunt_dithmenos_smoke_and_mirrors,
          basic_altar, minmay_radiant
D:10:     layout_irregular_city
D:11:     layout_loops_cross, grunt_lair_entry_orc_guard_hut, david_orc_5,
          serial_shops, shop, shop_fountains, nicolae_shop_stone
D:12:     layout_basic
D:13:     layout_long_grid, serial_shops,
          nicolae_shop_temple_entry_statues_fountains, portal_ice_cave_rime
D:14:     lemuel_troll_bridge, layout_irregular_city, david_vaults_5,
          fedhas_altar_4, uniq_jorgrun, uniq_josephine, uniq_rupert
D:15:     grunt_enter_depths_giant_problem, layout_irregular_city
Lair:1:   layout_misc_corridors, st_stairs_6
Lair:2:   layout_regular_city, cheibrodos_lair_reptile_den, lemuel_fruit_fields
Lair:3:   layout_cave_pods, shoals_dummy_entry, guppyfry_snake_entry_island,
          chequers_serial_rivers_small_a, minmay_lair_oklob_chamber
Lair:4:   layout_layer_cave, enter_volcano_4, uniq_nergalle
Lair:5:   cheibrodos_magma_flow, layout_gridlike,
          chequers_serial_rivers_large_b, roderic_batcave, serial_bayou_shore_b
Lair:6:   evil_forest, layout_big_grid, slime_altar_1, minmay_shattered_shrine,
          uniq_urug
Shoals:1: cheibrodos_shoals_three_sisters, layout_shoals
Shoals:2: layout_shoals, uniq_donald
Shoals:3: layout_shoals, serial_shops, shop, nicolae_shoals_kraken_intersection
Shoals:4: shoals_end_simple, layout_shoals, abandoned_shop
Snake:1:  layout_misc_corridors, serial_shops, shop, uniq_aizul
Snake:2:  layout_onion, library_closet
Snake:3:  layout_honeycomb, minmay_shoptagon, lemuel_fruit_tree, uniq_vashnia
Snake:4:  johnstein_snake_rune_scales, layout_cave_town, nicolae_alphabet_shops
Slime:1:  layout_caves
Slime:2:  layout_caves, cheibrodos_slime_lost_civilization_6
Slime:3:  layout_caves
Slime:4:  layout_caves
Slime:5
Orc:1:    layout_caves, serial_shops, shop
Orc:2:    st_orc_rangers, layout_diamond_mine, serial_shops,
          nicolae_shop_statue_plus
Elf:1:    eino_elf_arrival_the_gate, layout_loops_cross, serial_shops, shop,
          portal_desolation_entry_holy_temple, hangedman_elf_represent,
          minivault_11, roderic_roman_lattice, grunt_ministairs_1, uniq_kirke,
          uniq_frances
Elf:2:    layout_onion_city, serial_shops, shop_statue,
          gammafunk_ghost_tricky_traps
Elf:3:    minmay_elf_hall_quartered_circle, layout_geoelf_castle, serial_glass,
          glass_columns_a, glass_columns_b, mu_enter_wizlab_5
Vaults:1: grunt_tower_of_power, v_misc_26, hangedman_vaults_pinch,
          ontoclasm_vaults_eye, nicolae_vaults_border_crossing,
          layout_vaults_quadrants
Vaults:2: minmay_crypt_entry_simple_statues, v_misc_13,
          nicolae_vaults_disjoint_gnomons, grunt_vaults_trifunnel,
          hangedman_vaults_unwind, hangedman_vaults_slice,
          vaults_room_hangedman_quadrants, hangedman_vaults_snaps, v_misc_5,
          grunt_vaults_diagonal, vaults_dpeg_ring, layout_vaults_omnibox,
          serial_shops, shop
Vaults:3: nicolae_vaults_little_squares_4, v_rooms_6,
          nicolae_vaults_network_square, v_misc_30, serial_ice_m,
          hangedman_vaults_slice, vaults_room_octagon, v_pattern_1, v_misc_8,
          nicolae_vaults_asterisk, vaults_room_corners,
          ontoclasm_vaults_gateway, layout_vaults_chaotic_city, enter_trove_1
Vaults:4: vaults_dpeg_hooks, nicolae_vaults_murderbox, ontoclasm_vaults_fault,
          ontoclasm_vaults_twist, dpeg_vaults_monster_box, v_misc_14,
          serial_ice_g, ontoclasm_vaults_ligature,
          nicolae_vaults_hallways_thing, hangedman_vaults_capsules,
          hangedman_vaults_slice, nicolae_vaults_twisting_passages,
          hangedman_vaults_stagger, vaults_room_corners,
          nicolae_vaults_little_squares_1, nicolae_vaults_little_ls, v_misc_8,
          layout_vaults_maze
Vaults:5: serial_shops
Crypt:1:  minmay_guarded_unrand_sceptre_of_torment, layout_regular_city
Crypt:2:  layout_basic, uniq_mara
Crypt:3:  church_of_pain_bobbens, layout_chaotic_city,
          tomb_entry_forgotten_bobbens
Depths:1: layout_cave_pools, enter_ziggurat_b, abyss_entry_small_statue_room,
          minmay_misc_feat_x, pf_hell_entry_tar_river,
          hangedman_decor_diamond_cutter, guppyfry_shop_blood,
          minmay_shop_grove, uniq_bai_suzhen, uniq_enchantress
Depths:2: hangedman_screamer, layout_cave_pools, hell_entry
Depths:3: kennysheep_bubbly, layout_basic, hell_entry, rand_demon_pan_entry_4,
          kennysheep_boxes
Depths:4: kennysheep_ogre_elephant_herders, layout_cave_pools, abyss_entry,
          serial_shops, shop, serial_rivers, chequers_serial_rivers_micro_c,
          chequers_serial_rivers_small_3, chequers_serial_rivers_large_a,
          chequers_serial_rivers_small_b, chequers_serial_rivers_micro_d,
          hell_entry
Depths:5: evilmike_zot_entry_diamond, layout_basic, hell_entry, fountainhead,
          kennysheep_random_hallway, grunt_megastairs_3
Hell
Geh:1:    layout_gehenna_pools_box, grunt_megastairs_5
Coc:1:    layout_cocytus_water_paths
Coc:2:    layout_ice_bergs
Coc:3:    layout_cocytus_water_paths
Coc:4:    layout_cocytus_water_paths
Coc:5:    layout_ice_bergs
Coc:6:    layout_ice_bergs
Coc:7:    coc_hangedman
Zot:1:    circus_mu, layout_twisted_circle
Zot:2:    layout_basic
Zot:3:    layout_basic
Zot:4:    lemuel_halls_of_wrath, layout_misc_corridors
Zot:5:    layout_gridlike
Abyss:3:  evilmike_abyss_exit_mutagenic, nicolae_abyss_rune_star_stuff,
          hangedman_abyss_or_decor_slice, nicolae_abyss_rune_star_stuff,
          evilmike_abyss_rune_tso_outpost, evilmike_abyss_rune_tso_outpost,
          abyss_greek_temple, hangedman_abyss_rune_macabre_mess

Skill      XL: |  1  2  3  4  5  6  7  8  9 10 11 12 13 14 15 16 17 18 19 20 21 22 23 24 25 26 27 |
---------------+----------------------------------------------------------------------------------+-----
Armour         | 4 5 6 7 8 9 10 11 12 13 14 15 16 17 18 27 | 27.0
Shields        | 4 5 6 7 9 11 12 13 15 17 19 20 22 23 25 26 27 | 27.0
Long Blades    | 3 5 7 9 10 11 13 14 16 17 18 19 20 21 22 23 27 | 27.0
Fighting       | 4 5 6 7 8 9 10 12 13 14 15 16 17 18 19 21 22 27 | 27.0
Dodging        | 1 2 3 4 5 6 7 8 9 |  9.3
Stealth        | 1 2 3 4 11 | 11.2
Axes           | 2 |  2.1
Invocations    | 1 2 3 16 | 16.7
Evocations     | 1 2 3 22 | 22.4
Throwing       | 1 2 3 |  3.1
Unarmed Combat | 1 2 3 |  3.4
Staves         | 1 |  1.2
Spellcasting   | 1 2 |  2.0

Action                   |  1- 3 |  4- 6 |  7- 9 | 10-12 | 13-15 | 16-18 | 19-21 | 22-24 | 25-27 || total
-------------------------+-------+-------+-------+-------+-------+-------+-------+-------+-------++-------
Melee: Long sword        |    97 |   115 |   411 |   241 |       |    44 |       |       |       ||   908
       Headbutt          |    20 |    22 |    86 |   221 |   581 |   479 |   429 |   446 |  2369 ||  4653
       Hand axe          |       |       |     7 |    23 |       |       |       |       |       ||    30
       Demon blade       |       |       |       |   217 |       |       |       |       |       ||   217
       Double sword      |       |       |       |   420 |  1463 |  1537 |  1454 |  1313 |  5986 || 12173
Invok: Heroism           |       |       |     2 |     2 |     3 |     1 |     9 |       |     4 ||    21
       Finesse           |       |       |       |       |       |       |       |       |     1 ||     1
Evoke: Wand              |       |       |       |       |     1 |     5 |       |     5 |     9 ||    20
       Lightning rod     |       |       |       |       |       |       |       |       |     1 ||     1
  Use: Potion            |     1 |     3 |       |     2 |     2 |     3 |    24 |     1 |    11 ||    47
       Scroll            |       |     6 |     4 |    19 |    12 |     9 |     8 |     2 |    44 ||   104
 Stab: Paralysed         |       |       |     1 |       |       |       |       |       |       ||     1
       Held in net/web   |       |       |       |       |       |     1 |       |       |       ||     1
       Invisible         |       |       |       |       |       |       |     2 |       |       ||     2
       Confused          |       |       |       |       |       |       |       |       |     1 ||     1
  Eat: Chunk             |     1 |     5 |    13 |    17 |    22 |    32 |    16 |    22 |   126 ||   254
       Ration            |       |     1 |       |     2 |     5 |     2 |     3 |     2 |    18 ||    33
Armor: Scale mail        |    43 |    29 |       |       |       |       |       |       |       ||    72
       Chain mail        |       |    20 |    83 |       |   524 |   408 |   165 |       |       ||  1200
       Plate armour      |       |       |   139 |   429 |   109 |       |       |       |       ||   677
       Crystal plate arm |       |       |       |       |       |       |   471 |   515 |  3162 ||  4148
Dodge: Dodged            |    33 |    30 |   100 |   230 |   376 |   370 |   393 |   358 |  2495 ||  4385
Block: Shield            |    53 |    56 |   283 |   782 |    69 |       |       |       |       ||  1243
       Reflection        |       |       |       |    33 |    75 |   296 |   106 |    99 |   182 ||   791
       Large shield      |       |       |       |       |  2248 |  2373 |  2411 |  2063 |  9387 || 18482
       Rpst.: Long sword |    13 |    12 |    27 |    13 |       |     3 |       |       |       ||    68
       Double sword      |       |       |       |    36 |    82 |    57 |    55 |    70 |   326 ||   626
       Demon blade       |       |       |       |    13 |       |       |       |       |       ||    13

Table legend:
 A = Non-vault XP
 B = Vault XP
 C = Vault XP percentage of total XP
 D = Non-vault monster count
 E = Vault monster count
 F = Vault count percentage of total count
                 A         B        C        D         E       F
            +---------+---------+-------+---------+---------+-------
      Total | 1503026 |  946476 |  38.6 |    2513 |    1104 |  30.5
            +---------+---------+-------+---------+---------+-------
        D:1 |      42 |       0 |   0.0 |      22 |       0 |   0.0
        D:2 |      55 |       0 |   0.0 |      12 |       0 |   0.0
        D:3 |      75 |      37 |  33.0 |      16 |       1 |   5.9
        D:4 |     356 |       0 |   0.0 |      17 |       0 |   0.0
        D:5 |     946 |       0 |   0.0 |      31 |       0 |   0.0
        D:6 |     827 |     392 |  32.2 |      21 |       2 |   8.7
        D:7 |     816 |     602 |  42.5 |      22 |       3 |  12.0
        D:8 |     704 |     879 |  55.5 |      23 |      11 |  32.4
        D:9 |    1551 |    1090 |  41.3 |      14 |       4 |  22.2
       D:10 |    1376 |     237 |  14.7 |      19 |       2 |   9.5
       D:11 |    5481 |    1569 |  22.3 |      55 |      25 |  31.2
       D:12 |    4998 |       0 |   0.0 |      36 |       0 |   0.0
       D:13 |    3581 |     762 |  17.5 |      22 |       2 |   8.3
       D:14 |   10790 |   16178 |  60.0 |      38 |      25 |  39.7
       D:15 |    8001 |    1742 |  17.9 |      35 |       1 |   2.8
     Lair:1 |    7138 |       0 |   0.0 |      33 |       0 |   0.0
     Lair:2 |    6407 |     623 |   8.9 |      26 |       7 |  21.2
     Lair:3 |    2803 |    2430 |  46.4 |      14 |       6 |  30.0
     Lair:4 |    5507 |     816 |  12.9 |      13 |       1 |   7.1
     Lair:5 |    4475 |    1151 |  20.5 |      23 |      11 |  32.4
     Lair:6 |   30407 |   24764 |  44.9 |      74 |      50 |  40.3
   Shoals:1 |    8488 |   10329 |  54.9 |      19 |      13 |  40.6
   Shoals:2 |   19982 |    1918 |   8.8 |      40 |       1 |   2.4
   Shoals:3 |    8832 |    2257 |  20.4 |      16 |       1 |   5.9
   Shoals:4 |    7402 |   23980 |  76.4 |      19 |      38 |  66.7
    Snake:1 |   22445 |    1691 |   7.0 |      42 |       1 |   2.3
    Snake:2 |   22666 |       0 |   0.0 |      38 |       0 |   0.0
    Snake:3 |   11521 |    7788 |  40.3 |      19 |       5 |  20.8
    Snake:4 |   23988 |   38984 |  61.9 |      48 |      61 |  56.0
    Slime:1 |    2070 |       0 |   0.0 |       4 |       0 |   0.0
    Slime:2 |    6963 |       0 |   0.0 |      10 |       0 |   0.0
    Slime:3 |    4443 |       0 |   0.0 |       3 |       0 |   0.0
    Slime:4 |   11754 |   14307 |  54.9 |      17 |       8 |  32.0
    Slime:5 |    9381 |   19100 |  67.1 |       7 |       4 |  36.4
      Orc:1 |    1842 |       0 |   0.0 |      26 |       0 |   0.0
      Orc:2 |    7170 |    5620 |  43.9 |      34 |      37 |  52.1
      Elf:1 |   21050 |   16586 |  44.1 |      32 |      18 |  36.0
      Elf:2 |   10253 |   27980 |  73.2 |      16 |      37 |  69.8
      Elf:3 |   22914 |   48694 |  68.0 |      36 |      34 |  48.6
   Vaults:1 |   39772 |   18958 |  32.3 |      68 |      24 |  26.1
   Vaults:2 |   25683 |   24240 |  48.6 |      54 |      32 |  37.2
   Vaults:3 |   17295 |   15082 |  46.6 |      29 |      23 |  44.2
   Vaults:4 |   24012 |   57418 |  70.5 |      39 |      65 |  62.5
   Vaults:5 |   49375 |   74759 |  60.2 |      78 |      53 |  40.5
    Crypt:1 |   27319 |   21301 |  43.8 |      36 |       5 |  12.2
    Crypt:2 |   31406 |    7804 |  19.9 |      39 |       1 |   2.5
    Crypt:3 |   30949 |   47983 |  60.8 |      40 |      74 |  64.9
   Depths:1 |   47401 |   17605 |  27.1 |      52 |      13 |  20.0
   Depths:2 |   62284 |   23220 |  27.2 |      78 |      32 |  29.1
   Depths:3 |   33409 |   20902 |  38.5 |      38 |      20 |  34.5
   Depths:4 |   33458 |    7935 |  19.2 |      38 |       8 |  17.4
   Depths:5 |   85065 |   47289 |  35.7 |      72 |      27 |  27.3
       Hell |   19814 |   29282 |  59.6 |      32 |      36 |  52.9
      Geh:1 |    4458 |       0 |   0.0 |      10 |       0 |   0.0
      Coc:1 |   32138 |       0 |   0.0 |      93 |       0 |   0.0
      Coc:2 |   69778 |       0 |   0.0 |     103 |       0 |   0.0
      Coc:3 |   38275 |       0 |   0.0 |      58 |       0 |   0.0
      Coc:4 |   63128 |       0 |   0.0 |     104 |       0 |   0.0
      Coc:5 |   45498 |       0 |   0.0 |      91 |       0 |   0.0
      Coc:6 |   32155 |       0 |   0.0 |      59 |       0 |   0.0
      Coc:7 |   73601 |  102525 |  58.2 |      85 |      81 |  48.8
      Zot:1 |   62620 |   25255 |  28.7 |      37 |      17 |  31.5
      Zot:2 |   76145 |       0 |   0.0 |      41 |       0 |   0.0
      Zot:3 |   31841 |       0 |   0.0 |      20 |       0 |   0.0
      Zot:4 |   46447 |   44970 |  49.2 |      28 |      53 |  65.4
      Zot:5 |   31226 |   29168 |  48.3 |      17 |       9 |  34.6
    Abyss:2 |   31900 |       0 |   0.0 |      51 |       0 |   0.0
    Abyss:3 |   17074 |    6747 |  28.3 |      31 |      10 |  24.4
      IceCv |       0 |    2783 | 100.0 |       0 |      16 | 100.0
    Volcano |       0 |    6368 | 100.0 |       0 |      21 | 100.0
     WizLab |       0 |    1217 | 100.0 |       0 |       1 | 100.0
 Desolation |       0 |   41159 | 100.0 |       0 |      74 | 100.0
            +---------+---------+-------+---------+---------+-------
